SL
NEW AMSTERDAM DUTCHMEN @ RICHARDSON CITY THUNDERCATS
08/07/2031
 
TOP OF THE 1ST
New Amsterdam Dutchmen batting - Pitching for Richardson City Thundercats : LHP Stanford McCain
Pitching: LHP Stanford McCain
Batting: RHB Jon Osterman 0-0: Ground out 1-6-3 (Groundball, 15S)
Batting: RHB Otis Brewer 0-0: Ground out 6-3 (Groundball, 6)
Batting: LHB SaQwan Hackett 0-0: Fly out, F6 (Line Drive, 56D)
Top of the 1st over - 0 runs, 0 hits, 0 errors, 0 left on base; New Amsterdam 0 - Richardson City 0
BOTTOM OF THE 1ST
Richardson City Thundercats batting - Pitching for New Amsterdam Dutchmen : LHP Walt Coffman
Pitching: LHP Walt Coffman
Batting: LHB Juan Macíel 0-0: Ball
1-0: Called Strike
1-1: Ball
2-1: Ball
3-1: Base on Balls
Batting: RHB Chi-ju Zhang 0-0: Called Strike
0-1: Foul Ball, location: 2F
0-2: Ball
1-2: Ball
2-2: Ball
3-2: Fly out, F8 (Line Drive, 8RS)
Batting: RHB Anselmo Berneu 0-0: Ball
1-0: Called Strike
1-1: Fly out, F7 (Flyball, 7S)
Batting: RHB Tomás Martínez 0-0: Ball
1-0: Ball
2-0: Called Strike
2-1: Ball
3-1: Swinging Strike
3-2: Strikes out swinging
Bottom of the 1st over - 0 runs, 0 hits, 0 errors, 1 left on base; New Amsterdam 0 - Richardson City 0
TOP OF THE 2ND
New Amsterdam Dutchmen batting - Pitching for Richardson City Thundercats : LHP Stanford McCain
Batting: RHB Hank Wilder 0-0: Called Strike
0-1: Swinging Strike
0-2: Ball
1-2: Foul Ball, location: 2F
1-2: Strikes out swinging
Batting: LHB Félix López 0-0: Called Strike
0-1: Ground out 6-3 (Groundball, 6)
Batting: RHB Mario Rivera 0-0: Ball
1-0: Foul Ball, location: 2F
1-1: Ball
2-1: Ball
3-1: Foul Ball, location: 2F
3-2: Strikes out swinging
Top of the 2nd over - 0 runs, 0 hits, 0 errors, 0 left on base; New Amsterdam 0 - Richardson City 0
BOTTOM OF THE 2ND
Richardson City Thundercats batting - Pitching for New Amsterdam Dutchmen : LHP Walt Coffman
Batting: RHB Felipe Campos 0-0: Ball
1-0: Ball
2-0: Called Strike
2-1: SINGLE (Line Drive, 6M)
Batting: RHB Javier Rivera 0-0: Called Strike
0-1: Ball
1-1: Ball
2-1: Ball
3-1: Foul Ball, location: 2F
3-2: Base on Balls
Felipe Campos to second
Batting: RHB Louis Gibbons 0-0: Ball
1-0: Foul Ball, location: 2F
1-1: Grounds into double play, 5-4-3 (Groundball, 56)
Felipe Campos to third
Batting: RHB Bruce Ingilby 0-0: Swinging Strike
0-1: Foul Ball, location: 2F
0-2: Ball
1-2: Ground out 6-3 (Groundball, 6)
Bottom of the 2nd over - 0 runs, 1 hit, 0 errors, 1 left on base; New Amsterdam 0 - Richardson City 0
TOP OF THE 3RD
New Amsterdam Dutchmen batting - Pitching for Richardson City Thundercats : LHP Stanford McCain
Batting: LHB Jorge Vargas 0-0: Ball
1-0: Ground out 1-3 (Groundball, 13)
Batting: LHB Denis Jerningham 0-0: Ball
1-0: Swinging Strike
1-1: Foul Ball, location: 2F
1-2: Ball
2-2: SINGLE (Line Drive, 4D)
Batting: LHB Cornelius Taitt 0-0: Ball
1-0: Swinging Strike
1-1: Called Strike
1-2: Strikes out swinging
Batting: RHB Jon Osterman 0-0: Ball
1-0: Foul Ball, location: 2F
1-1: Fielders Choice at 2nd, 6-4 (Groundball, 6)
Top of the 3rd over - 0 runs, 1 hit, 0 errors, 1 left on base; New Amsterdam 0 - Richardson City 0
BOTTOM OF THE 3RD
Richardson City Thundercats batting - Pitching for New Amsterdam Dutchmen : LHP Walt Coffman
Batting: RHB IV Seacat 0-0: Called Strike
0-1: Foul Ball, location: 2F
0-2: Strikes out swinging
Batting: LHB Juan Macíel 0-0: Ball
1-0: Ball
2-0: Fly out, F7 (Flyball, 7)
Batting: RHB Chi-ju Zhang 0-0: Ground out 5-3 (Groundball, 56S)
Bottom of the 3rd over - 0 runs, 0 hits, 0 errors, 0 left on base; New Amsterdam 0 - Richardson City 0
TOP OF THE 4TH
New Amsterdam Dutchmen batting - Pitching for Richardson City Thundercats : LHP Stanford McCain
Batting: RHB Otis Brewer 0-0: Ball
1-0: Ball
2-0: Ball
3-0: Called Strike
3-1: SINGLE (Line Drive, 7LS)
Batting: LHB SaQwan Hackett 0-0: Ball
1-0: SINGLE (Line Drive, 78M)
Otis Brewer to second
Batting: RHB Hank Wilder 0-0: Called Strike
0-1: Ball
Wild Pitch!
Otis Brewer to third
SaQwan Hackett to second
1-1: Called Strike
1-2: TRIPLE (Groundball, 3L)
Otis Brewer scores
SaQwan Hackett scores
Batting: LHB Félix López 0-0: Ground out 4-3 (Groundball, 34)
Batting: RHB Mario Rivera 0-0: Ball
1-0: Foul Ball, location: 2F
1-1: Ground out 1-3 (Groundball, 13S)
Batting: LHB Jorge Vargas 0-0: Ball
1-0: Foul Ball, location: 2F
1-1: Ball
2-1: SINGLE (Flyball, 8RS)
Hank Wilder scores
Batting: LHB Denis Jerningham 0-0: Called Strike
0-1: SINGLE (Groundball, 5D)
Jorge Vargas to second
Batting: LHB Cornelius Taitt 0-0: Called Strike
0-1: Ball
1-1: Swinging Strike
1-2: Foul Ball, location: 2F
1-2: Strikes out looking
Top of the 4th over - 3 runs, 5 hits, 0 errors, 2 left on base; New Amsterdam 3 - Richardson City 0
BOTTOM OF THE 4TH
Richardson City Thundercats batting - Pitching for New Amsterdam Dutchmen : LHP Walt Coffman
Batting: RHB Anselmo Berneu 0-0: Swinging Strike
0-1: Ground out 6-3 (Groundball, 6)
Batting: RHB Tomás Martínez 0-0: Fly out, F7 (Flyball, 78S)
Batting: RHB Felipe Campos 0-0: Called Strike
0-1: Ball
1-1: Ground out 4-3 (Groundball, 4)
Bottom of the 4th over - 0 runs, 0 hits, 0 errors, 0 left on base; New Amsterdam 3 - Richardson City 0
TOP OF THE 5TH
New Amsterdam Dutchmen batting - Pitching for Richardson City Thundercats : LHP Stanford McCain
Batting: RHB Jon Osterman 0-0: Fly out, F7 (Flyball, 7LM)
Batting: RHB Otis Brewer 0-0: Hit by Pitch
Batting: LHB SaQwan Hackett 0-0: Ball
1-0: Fly out, F7 (Flyball, 78D)
Batting: RHB Hank Wilder 0-0: Ball
1-0: Ball
Otis Brewer steals 2nd base
2-0: Called Strike
2-1: Called Strike
2-2: Ball
3-2: Foul Ball, location: 2F
3-2: SINGLE (Line Drive, 6D)
Otis Brewer to third
Otis Brewer scores
Batting: LHB Félix López 0-0: Ball
1-0: Ball
Wild Pitch!
Hank Wilder to second
2-0: Ball
3-0: Called Strike
3-1: Called Strike
3-2: Strikes out swinging
Top of the 5th over - 1 run, 1 hit, 0 errors, 1 left on base; New Amsterdam 4 - Richardson City 0
BOTTOM OF THE 5TH
Richardson City Thundercats batting - Pitching for New Amsterdam Dutchmen : LHP Walt Coffman
Batting: RHB Javier Rivera 0-0: Ball
1-0: Ball
2-0: Ground out 6-3 (Groundball, 6M)
Batting: RHB Louis Gibbons 0-0: Ball
1-0: Called Strike
1-1: Ball
2-1: Swinging Strike
2-2: Foul Ball, location: 2F
2-2: Ball
3-2: Base on Balls
Batting: RHB Bruce Ingilby 0-0: Fly out, F7 (Flyball, 7LS)
Batting: RHB IV Seacat 0-0: Foul Ball, location: 2F
0-1: Ball
1-1: Foul Ball, location: 2F
1-2: Ball
2-2: Ball
3-2: Strikes out swinging
Bottom of the 5th over - 0 runs, 0 hits, 0 errors, 1 left on base; New Amsterdam 4 - Richardson City 0
TOP OF THE 6TH
New Amsterdam Dutchmen batting - Pitching for Richardson City Thundercats : LHP Stanford McCain
Pitching: RHP Joe Pruitt
Batting: RHB Mario Rivera 0-0: Ground out 1-3 (Groundball, P)
Batting: LHB Jorge Vargas 0-0: Ball
1-0: Ground out 4-3 (Groundball, 4)
Batting: LHB Denis Jerningham 0-0: Foul Ball, location: 2F
0-1: Ground out 6-3 (Groundball, 6)
Top of the 6th over - 0 runs, 0 hits, 0 errors, 0 left on base; New Amsterdam 4 - Richardson City 0
BOTTOM OF THE 6TH
Richardson City Thundercats batting - Pitching for New Amsterdam Dutchmen : LHP Walt Coffman
Batting: LHB Juan Macíel 0-0: Ground out 4-3 (Groundball, 4)
Batting: RHB Chi-ju Zhang 0-0: SINGLE (Line Drive, 6M)
Batting: RHB Anselmo Berneu 0-0: Called Strike
0-1: Called Strike
0-2: Ground out 6-3 (Groundball, 6S)
Chi-ju Zhang to second
Batting: RHB Tomás Martínez 0-0: Fly out, F6 (Popup, 6D)
Bottom of the 6th over - 0 runs, 1 hit, 0 errors, 1 left on base; New Amsterdam 4 - Richardson City 0
TOP OF THE 7TH
New Amsterdam Dutchmen batting - Pitching for Richardson City Thundercats : RHP Joe Pruitt
Batting: LHB Cornelius Taitt 0-0: Ball
1-0: Ball
2-0: Swinging Strike
2-1: Foul Ball, location: 2F
2-2: Strikes out looking
Batting: RHB Jon Osterman 0-0: Foul Ball, location: 2F
0-1: Swinging Strike
0-2: Strikes out looking
Batting: RHB Otis Brewer 0-0: Ball
1-0: Ball
2-0: Ball
3-0: Fly out, F7 (Flyball, 78S)
Top of the 7th over - 0 runs, 0 hits, 0 errors, 0 left on base; New Amsterdam 4 - Richardson City 0
BOTTOM OF THE 7TH
Richardson City Thundercats batting - Pitching for New Amsterdam Dutchmen : LHP Walt Coffman
Batting: RHB Felipe Campos 0-0: Called Strike
0-1: Ball
1-1: DOUBLE (Line Drive, 7LS)
Batting: RHB Javier Rivera 0-0: Ball
1-0: Foul Ball, location: 2F
1-1: Called Strike
1-2: Ball
2-2: Fly out, F7 (Flyball, 7LSF)
Batting: RHB Louis Gibbons 0-0: Fly out, F9 (Flyball, 9LSF)
Batting: RHB Bruce Ingilby 0-0: Ball
1-0: Ground out 6-3 (Groundball, 6)
Bottom of the 7th over - 0 runs, 1 hit, 0 errors, 1 left on base; New Amsterdam 4 - Richardson City 0
TOP OF THE 8TH
New Amsterdam Dutchmen batting - Pitching for Richardson City Thundercats : RHP Joe Pruitt
Batting: LHB SaQwan Hackett 0-0: SINGLE (Groundball, 6MD)
Batting: RHB Hank Wilder 0-0: Swinging Strike
0-1: Fly out, F5 (Popup, 56S)
Batting: LHB Félix López 0-0: Called Strike
0-1: Called Strike
0-2: Ball
1-2: Foul Ball, location: 2F
1-2: Ball
2-2: Strikes out swinging
Batting: RHB Mario Rivera 0-0: Swinging Strike
0-1: Called Strike
0-2: Strikes out swinging
Top of the 8th over - 0 runs, 1 hit, 0 errors, 1 left on base; New Amsterdam 4 - Richardson City 0
BOTTOM OF THE 8TH
Richardson City Thundercats batting - Pitching for New Amsterdam Dutchmen : LHP Walt Coffman
Batting: RHB IV Seacat 0-0: Ball
1-0: Ball
2-0: Called Strike
2-1: Foul Ball, location: 2F
2-2: Ball
3-2: Foul Ball, location: 2F
3-2: Base on Balls
Batting: LHB Juan Macíel 0-0: DOUBLE (Line Drive, 78D)
IV Seacat to third
Runner from 3rd tries for Home, SAFE, no throw
Batting: RHB Chi-ju Zhang 0-0: Ground out 5-3 (Groundball, 5L)
Batting: RHB Anselmo Berneu 0-0: Foul Ball, location: 2F
0-1: Foul Ball, location: 2F
0-2: Ball
1-2: Strikes out swinging
Batting: RHB Tomás Martínez 0-0: Ball
1-0: Ball
2-0: Ball
3-0: Base on Balls
Batting: RHB Felipe Campos 0-0: Called Strike
0-1: Ball
1-1: Ball
2-1: Ground out 5-3 (Groundball, 56S)
Bottom of the 8th over - 1 run, 1 hit, 0 errors, 2 left on base; New Amsterdam 4 - Richardson City 1
TOP OF THE 9TH
New Amsterdam Dutchmen batting - Pitching for Richardson City Thundercats : RHP Joe Pruitt
Batting: LHB Jorge Vargas 0-0: Foul Ball, location: 2F
0-1: Called Strike
0-2: Ball
1-2: Ball
2-2: Ball
3-2: Foul Ball, location: 2F
3-2: Foul Ball, location: 2F
3-2: Foul Ball, location: 2F
3-2: SINGLE (Groundball, 3D)
Batting: LHB Denis Jerningham 0-0: Sac Bunt - play at first, batter OUT! 3-4
Jorge Vargas to second
Batting: LHB Cornelius Taitt 0-0: Foul Ball, location: 2F
0-1: Foul Ball, location: 2F
0-2: Ball
1-2: Strikes out swinging
Batting: RHB Jon Osterman 0-0: Ground out 1-3 (Groundball, P)
Top of the 9th over - 0 runs, 1 hit, 0 errors, 1 left on base; New Amsterdam 4 - Richardson City 1
BOTTOM OF THE 9TH
Richardson City Thundercats batting - Pitching for New Amsterdam Dutchmen : LHP Walt Coffman
Batting: RHB Javier Rivera 0-0: Swinging Strike
0-1: Swinging Strike
0-2: Ball
1-2: Foul Ball, location: 2F
1-2: Ball
2-2: Ball
3-2: Base on Balls
Pitching: RHP Glenn Butler
Batting: RHB Louis Gibbons 0-0: Foul Ball, location: 2F
0-1: Swinging Strike
0-2: Ball
1-2: Foul Ball, location: 2F
1-2: Foul Ball, location: 2F
1-2: Fly out, F9 (Line Drive, 9)
Batting: RHB Bruce Ingilby 0-0: Ground out 1-3 (Groundball, 13S)
Javier Rivera to second
Batting: RHB IV Seacat 0-0: Foul Ball, location: 2F
0-1: Ball
1-1: Called Strike
1-2: Foul Ball, location: 2F
1-2: Ball
2-2: 2-RUN HOME RUN (Line Drive, 7LD), Distance : 353 ft
Batting: LHB Juan Macíel 0-0: Ball
1-0: Called Strike
1-1: Ball
2-1: Ground out 6-3 (Groundball, 6)
Bottom of the 9th over - 2 runs, 1 hit, 0 errors, 0 left on base; New Amsterdam 4 - Richardson City 3
Tuesday, June 12th, 2018 - OOTP Baseball 18.8 Build 76